 Dungeon Crawl Stone Soup version 0.12.2-35-g1c9f977 (webtiles) character file.

261 HoboGoblin the Slasher (level 5, -2/46 HPs)
             Began as a Minotaur Fighter on Sept 14, 2013.
             Succumbed to a water moccasin's poison
             ... on Level 5 of the Dungeon.
             The game lasted 00:01:14 (440 turns).

HoboGoblin the Slasher (Minotaur Fighter)            Turns: 440, Time: 00:01:15

HP  -2/46        AC  7     Str 19      XL: 5   Next: 53%
MP   1/1         EV  6     Int  6      God:
Gold 55          SH 19     Dex 10      Spells:  0 memorised,  4 levels left

Res.Fire  : . . .   See Invis. : .   i - +1,+5 orc falchion
Res.Cold  : . . .   Warding    : .   b - +0 scale mail
Life Prot.: . . .   Conserve   : .   c - +0 shield
Res.Poison: .       Res.Corr.  : .   (helmet restricted)
Res.Elec. : .       Clarity    : .   (no cloak)
Sust.Abil.: . .     Spirit.Shd : .   (no gloves)
Res.Mut.  : .       Stasis     : .   (no boots)
Res.Rott. : .       Ctrl.Telep.: .   (no amulet)
Saprovore : . . .   Flight     : .   (no ring)
                                     (no ring)

@: extremely poisoned, slightly resistant to hostile enchantments, extremely
unstealthy
A: retaliatory headbutt, horns 2, deterioration 1, screaming 1, Str -1
a: no special abilities


You were on level 5 of the Dungeon.
You were not hungry.

You visited 1 branch of the dungeon, and saw 5 of its levels.

You collected 35 gold pieces.

Inventory:

Hand weapons
 a - a +0,+0 falchion
 i - a +1,+5 orcish falchion (weapon)
Armour
 b - a +0 scale mail (worn)
 c - a +0 shield (worn)
Comestibles
 d - 3 bread rations
 g - a rambutan
Scrolls
 e - a scroll of enchant weapon II {unknown}
 h - 2 scrolls of identify {unknown}


   Skills:
 + Level 4.6 Fighting
 * Level 4.9 Long Blades
 + Level 4.5 Armour
 + Level 4.7 Shields


You had 4 spell levels left.
You didn't know any spells.

Dungeon Overview and Level Annotations

Branches:
Dungeon (5/27)
 Temple: D:4-7

Altars:


Innate Abilities, Weirdness & Mutations

You reflexively headbutt those who attack you in melee.
You have a pair of horns on your head.
Your body is slowly deteriorating.
You occasionally shout uncontrollably.
You are weak (Str -1).


Message History

The water moccasin is severely wounded.
* * * LOW HITPOINT WARNING * * *
You feel sick. The water moccasin bites you.
* * * LOW HITPOINT WARNING * * *
The water moccasin bites you.
* * * LOW HITPOINT WARNING * * *
You are more poisoned.
The water moccasin poisons you! The goblin hits you but does no damage.
You hit the water moccasin. You headbutt the water moccasin.
The water moccasin is almost dead.
* * * LOW HITPOINT WARNING * * *
You feel very sick. The water moccasin barely misses you.
You furiously retaliate!
You headbutt the water moccasin, but do no damage.
You block the giant cockroach's attack. The goblin hits you but does no damage.
Your shield and scale mail prevent you from hitting the water moccasin.
You headbutt the water moccasin.
You kill the water moccasin!
You have reached level 5!
You die...

#.#....#..#.#
..#.......##.#
.........%#...#
..........#....##.#
.....................
................#>..
.................#.#
.........g.......##
........s%@...##..#
....!....##s..# .#..
$............# ## .
...............
.....$......)....
................
..............
.....?..#... .....#


You could see a scorpion, a giant cockroach and a goblin.

Vanquished Creatures
  A hippogriff zombie (D:5)
  A water moccasin (D:5)
  A worker ant zombie (D:5)
  A worm (D:5)
  A giant gecko (D:3)
  3 orcs (D:3)
  2 bats
  A goblin (D:1)
  A hobgoblin (D:3)
  A giant cockroach (D:1)
  2 rats
15 creatures vanquished.

Notes
Turn   | Place    | Note
--------------------------------------------------------------
     0 | D:1      | HoboGoblin, the Minotaur Fighter, began the quest for the Orb.
     0 | D:1      | Reached XP level 1. HP: 19/19 MP: 0/0
   313 | D:3      | Reached XP level 2. HP: 24/26 MP: 0/0
   399 | D:5      | Entered Level 5 of the Dungeon
   405 | D:5      | Noticed a hippogriff zombie
   416 | D:5      | Killed a hippogriff zombie
   416 | D:5      | Reached skill level 4 in Fighting
   416 | D:5      | Reached XP level 3. HP: 18/33 MP: 1/1
   416 | D:5      | Reached XP level 4. HP: 21/40 MP: 1/1
   427 | D:5      | Noticed a water moccasin
   435 | D:5      | Gained mutation: You occasionally shout uncontrollably. [potion of mutation]
   435 | D:5      | Gained mutation: Your body is slowly deteriorating. [potion of mutation]
   435 | D:5      | Gained mutation: You are weak (Str -1). [potion of mutation]
   439 | D:5      | HP: 1/40 [poisoned by a water moccasin]
   440 | D:5      | Killed a water moccasin
   440 | D:5      | Reached XP level 5. HP: 1/46 MP: 1/1
   440 | D:5      | Succumbed to a water moccasin's poison

Action                   |  1- 3 |  4- 6 || total
-------------------------+-------+-------++-------
Melee: Falchion          |    35 |     9 ||    44
  Use: Potion            |       |     2 ||     2
